 Dungeon Crawl Stone Soup version 0.24.0-13-gcf9b3192b9 (webtiles) character file.

Game seed: 17916544205031914392, levelgen mode: deterministic

1216 Mrkan the Cudgeler (level 8, -2/71 HPs)
             Began as a Minotaur Fighter on Nov 8, 2019.
             Was an Initiate of Qazlal.
             Slain by a river rat (4 damage)
             ... summoned by Eustachio
             ... on level 5 of the Dungeon.
             The game lasted 00:06:07 (3640 turns).

Mrkan the Cudgeler (Minotaur Fighter)               Turns: 3640, Time: 00:06:07

Health: -2/71      AC: 15    Str: 21      XL:     8   Next: 22%
Magic:  7/7        EV:  4    Int:  5      God:    Qazlal [......]
Gold:   360        SH: 10    Dex: 11 (12) Spells: 7/7 levels left

rFire    . . .     SeeInvis .   a - +0 flail
rCold    . . .     Gourm    .   c - +0 shield
rNeg     . . .     Faith    .   p - +0 plate armour
rPois    .         Spirit   .   (helmet restricted)
rElec    .         Reflect  .   z - +0 cloak
rCorr    .         Harm     .   (no gloves)
MR       .....                  q - +0 pair of boots
Stlth    ..........             (no amulet)
HPRegen  0.21/turn              (no ring)
MPRegen  0.10/turn              (no ring)

@: no status effects
A: retaliatory headbutt, horns 2
a: Renounce Religion


You were on level 5 of the Dungeon.
You worshipped Qazlal.
Qazlal was noncommittal.
You were not hungry.

You visited 1 branch of the dungeon, and saw 5 of its levels.

You collected 360 gold pieces.

Inventory:

Hand Weapons
 a - a +0 flail (weapon)
Armour
 c - a +0 shield (worn)
 p - a +0 plate armour (worn)
 q - a +0 pair of boots (worn)
 z - a +0 cloak (worn)
Jewellery
 b - a +5 ring of dexterity {unknown}
 e - an uncursed ring of see invisible {unknown}
 g - a +4 ring of evasion {unknown}
Scrolls
 h - 5 scrolls of identify {unknown}
 i - 2 scrolls of remove curse {unknown}
 j - 6 scrolls of teleportation {unknown}
 n - 2 scrolls of enchant weapon {unknown}
 o - 3 scrolls of enchant armour {unknown}
 s - 3 scrolls of blinking {unknown}
 y - a scroll of magic mapping {unknown}
Potions
 d - 2 potions of might
 k - a potion of brilliance {unknown}
 l - 2 potions of degeneration {unknown}
 m - a potion of curing {unknown}
 r - a potion of resistance {unknown}
 t - a potion of agility
 u - 2 potions of lignification {unknown}
 v - a potion of flight {unknown}
 x - a potion of mutation {unknown}
Comestibles
 f - 9 rations
 w - 2 chunks of flesh


   Skills:
 + Level 6.3 Fighting
 * Level 7.9 Maces & Flails
 + Level 6.4 Armour
 + Level 6.4 Shields


You had 7 spell levels left.
You didn't know any spells.
Your spell library contained the following spells:

 Spells                   Type           Power        Failure   Level  Hunger
 Animate Skeleton         Necr           N/A          100%        1    ##.....
 Apportation              Tloc           #.....       100%        1    ##.....
 Confusing Touch          Hex            #.....       100%        1    ##.....
 Summon Small Mammal      Summ           #...         100%        1    ##.....


Dungeon Overview and Level Annotations

Branches:
Dungeon (5/15)             Temple (0/1) D:4

Altars:
Gozag
Qazlal
Vehumet
The Shining One

Annotations:
D:5 Eustachio


Innate Abilities, Weirdness & Mutations

You reflexively headbutt those who attack you in melee.
You have a pair of horns on your head.


Message History

You closely miss Eustachio. Your headbutt misses Eustachio.
Eustachio is severely wounded.
You block the quokka's attack. The river rat bites you.
* * * LOW HITPOINT WARNING * * *
You block the rat's attack. Eustachio hits you but does no damage.
You miss Eustachio.
Eustachio is severely wounded.
The quokka bites you but does no damage.
You block the river rat's attack. The rat bites you but does no damage.
Eustachio gestures wildly while chanting.
Eustachio blinks!
Eustachio screams, "This atrocity can only be purified with blood!"
Eustachio mumbles some strange words.
Eustachio blinks!
You closely miss Eustachio.
Eustachio is severely wounded.
The quokka bites you.
* * * LOW HITPOINT WARNING * * *
The river rat bites you.
You die...

#######
########.....######
#......'.....'....#
#.######.....##..###♣♣
#.######.....###.)#.P♣
#§..(.######## #....P♣
#>..r@@....# ##...PP
#...rr####.# ###)..
#..§..# #.## ##♣♣
#.....# #..# #...).#
#..## #.....# #...#
#.....# #.#.##
#.....## #.#..#
#......# #.##.#


You could see Eustachio, a river rat, a quokka and a rat.

Vanquished Creatures
  Grinder (D:3)
  Sigmund (D:4)
  Menkaure (D:5)
  3 ogres
  A scorpion (D:4)
  A water moccasin skeleton (D:4)
  A howler monkey (D:5)
  A bullfrog zombie (D:5)
  A hound (D:4)
  Crazy Yiuf (D:5)
  A centaur skeleton (D:5)
  An iguana (D:5)
  5 gnolls
  6 adders
  An adder skeleton (D:4)
  2 worms (D:2)
  A dart slug (D:3)
  3 leopard geckos (D:3)
  12 orcs (D:3)
  2 ball pythons
  10 bats
  4 giant cockroaches
  15 goblins
  8 hobgoblins
  13 jackals
  2 quokkas
  5 frilled lizards
  6 kobolds
  A quokka skeleton (D:4)
  3 rats
  A fungus (D:5)
114 creatures vanquished.

Vanquished Creatures (others)
  An adder (D:4)
1 creature vanquished.

Grand Total: 115 creatures vanquished

Notes
Turn   | Place    | Note
-------+----------+-------------------------------------------
     0 | D:1      | Mrkan the Minotaur Fighter began the quest for the Orb.
     0 | D:1      | Reached XP level 1. HP: 19/19 MP: 0/0
    37 | D:1      | Reached XP level 2. HP: 27/27 MP: 1/1
    80 | D:1      | Reached skill level 3 in Maces & Flails
   210 | D:1      | Reached XP level 3. HP: 26/33 MP: 2/2
   694 | D:2      | Reached XP level 4. HP: 31/40 MP: 3/3
  1086 | D:3      | Reached skill level 4 in Maces & Flails
  1135 | D:3      | Found a radiant altar of Vehumet.
  1329 | D:3      | Noticed Grinder
  1344 | D:3      | Killed Grinder
  1344 | D:3      | Reached skill level 5 in Maces & Flails
  1344 | D:3      | Reached skill level 5 in Armour
  1344 | D:3      | Reached XP level 5. HP: 27/47 MP: 4/4
  1344 | D:3      | Reached XP level 6. HP: 32/55 MP: 5/5
  1600 | D:3      | Reached skill level 5 in Shields
  1845 | D:3      | Found an opulent altar of Gozag.
  1845 | D:3      | Found a stormy altar of Qazlal.
  1849 | D:3      | Became a worshipper of Qazlal Stormbringer
  1997 | D:4      | Reached skill level 5 in Fighting
  2081 | D:4      | Found a glowing golden altar of the Shining One.
  2144 | D:4      | Reached skill level 6 in Maces & Flails
  2184 | D:4      | Noticed Sigmund
  2202 | D:4      | Killed Sigmund
  2202 | D:4      | Reached XP level 7. HP: 59/61 MP: 6/6
  2741 | D:4      | Reached skill level 7 in Maces & Flails
  3033 | D:4      | Found a staircase to the Ecumenical Temple.
  3075 | D:5      | Entered Level 5 of the Dungeon
  3378 | D:5      | Noticed Menkaure
  3384 | D:5      | Reached XP level 8. HP: 70/70 MP: 7/7
  3390 | D:5      | Killed Menkaure
  3471 | D:5      | Found a runed translucent door.
  3472 | D:5      | Noticed Crazy Yiuf
  3480 | D:5      | Killed Crazy Yiuf
  3532 | D:5      | Noticed Eustachio
  3640 | D:5      | HP: 2/71 [quokka[Eustachio] (4)]
  3640 | D:5      | Slain by a river rat

Levels and vault maps discovered:
D:1:      eino_arrival_cavern_b, layout_basic, st_stairs_3
D:2:      layout_rooms, first_ration
D:3:      layout_basic, overflow_temple_1_default,
          gammafunk_temple_overflow_elements, minmay_ruptured, uniq_grinder
D:4:      layout_basic, overflow_temple_1_default, lemuel_temple_firewalk_b,
          uniq_sigmund
D:5:      layout_basic, uniq_crazy_yiuf_cottage, uniq_menkaure, uniq_eustachio

Skill      XL: |  1  2  3  4  5  6  7 |
---------------+----------------------+-----
Maces & Flails | 3 5 6 7 |  7.9
Shields        | 4 5 6 |  6.4
Fighting       | 4 5 6 |  6.3
Armour         | 4 5 6 |  6.4

Action                   |  1- 3 |  4- 6 |  7- 9 || total
-------------------------+-------+-------+-------++-------
Melee: Flail             |    93 |   175 |   130 ||   398
       Headbutt          |    12 |    33 |    19 ||    64
  Eat: Chunk             |       |     5 |     4 ||     9
Armor: Scale mail        |    42 |    14 |       ||    56
       Plate armour      |       |    95 |   143 ||   238
Dodge: Dodged            |    27 |    41 |    24 ||    92
Block: Shield            |    45 |    89 |   108 ||   242
